 Dungeon Crawl Stone Soup version 0.21.1 (webtiles) character file.

67 shakethe the Cudgeler (level 3, -7/36 HPs)
             Began as a Troll Fighter on Feb 5, 2018.
             Mangled by shakethe's ghost (16 damage)
             ... on level 3 of the Dungeon.
             The game lasted 00:03:45 (1674 turns).

shakethe the Cudgeler (Troll Fighter)               Turns: 1674, Time: 00:03:47

Health: -7/36      AC:  5    Str: 24    XL:     3   Next: 98%
Magic:  2/2        EV:  7    Int:  4    God:
Gold:   82         SH:  8    Dex: 10    Spells: 2/2 levels left

rFire    . . .     SeeInvis .   a - +0 flail
rCold    . . .     Gourm    +   c - +0 shield
rNeg     . . .     Faith    .   b - +0 robe
rPois    .         Spirit   .   (helmet restricted)
rElec    .         Reflect  .   (no cloak)
rCorr    .         Harm     .   (gloves unavailable)
MR       .....                  (boots unavailable)
Stlth    +.........             (no amulet)
HPRegen  0.52/turn              (no ring)
MPRegen  0.08/turn              (no ring)

@: drained
A: large, unfitting armour, claws 3, fast metabolism 3, gourmand, regeneration
1, shaggy fur 1, tough skin 2
a: no special abilities


You were on level 3 of the Dungeon.
You were not hungry.

You visited 1 branch of the dungeon, and saw 3 of its levels.

You collected 82 gold pieces.

Inventory:

Hand Weapons
 a - a +0 flail (weapon)
Armour
 b - a +0 robe (worn)
 c - a +0 shield (worn)
Jewellery
 e - a cursed ring of teleportation {unknown}
 k - an uncursed ring of fire {unknown}
 p - an uncursed amulet of harm {unknown}
Scrolls
 h - a scroll of fear {unknown}
 i - a scroll of enchant armour {unknown}
 l - a scroll of amnesia {unknown}
 m - a scroll of magic mapping {unknown}
 n - a scroll of teleportation {unknown}
 q - 2 scrolls of identify {unknown}
Potions
 d - 2 potions of might
 g - 3 potions of lignification {unknown}
 j - a potion of curing {unknown}
 o - a potion of agility {unknown}
Comestibles
 f - 5 rations


   Skills:
 - Level 2.4(2.0) Fighting
 * Level 3.8(3.4) Maces & Flails
 - Level 2.4(2.0) Dodging
 - Level 2.4(2.0) Shields


You had 2 spell levels left.
You didn't know any spells.

Dungeon Overview and Level Annotations

Branches:
Dungeon (3/15)

Altars:

Annotations:
D:3 shakethe's ghost, amateur TrFi


Innate Abilities, Weirdness & Mutations

You are too large for most types of armour.
You have claws for hands.
Your metabolism is lightning-fast.
You like to eat raw meat.
Your natural rate of healing is unusually fast.
You are covered in fur. (AC +1)
You have very tough skin. (AC +2)


Message History

You hear a shout!
You see here a scroll labeled GOUTIEKLAROV.
Shakethe's ghost is nearby!
Shakethe's ghost whispers, "There is no future for you."
You sock shakethe's ghost!
Shakethe's ghost is lightly damaged.
Shakethe's ghost hits you!
You hit shakethe's ghost.
Shakethe's ghost is moderately damaged.
You block shakethe's ghost's attack.
You hit shakethe's ghost.
Shakethe's ghost is moderately damaged.
Shakethe's ghost hits you!!
Ouch! That really hurt!
You hit shakethe's ghost but do no damage.
Shakethe's ghost is moderately damaged.
Shakethe's ghost hits you.
* * * LOW HITPOINT WARNING * * *
Shakethe's ghost hits you!
You die...

### .# #<# .# #.#
.# .## #.# .# ....
#.# .# .....
#.###.#
......#W@..?###...
.......?..........
..................
..................
.....(............
..................
####..............
############...
...


You could see shakethe's ghost.

Vanquished Creatures
  2 adders (D:2)
  An ooze (D:1)
  A worm (D:2)
  2 giant cockroaches (D:1)
  6 goblins
  9 hobgoblins
  2 jackals (D:2)
  5 kobolds (D:1)
  2 ball pythons (D:1)
  3 bats
  4 frilled lizards
  A rat (D:1)
38 creatures vanquished.

Notes
Turn   | Place    | Note
-------+----------+-------------------------------------------
     0 | D:1      | shakethe the Troll Fighter began the quest for the Orb.
     0 | D:1      | Reached XP level 1. HP: 22/22 MP: 0/0
   125 | D:1      | Reached skill level 2 in Maces & Flails
   221 | D:1      | Reached XP level 2. HP: 21/29 MP: 1/1
   686 | D:1      | Reached skill level 3 in Maces & Flails
   894 | D:1      | Reached XP level 3. HP: 36/36 MP: 2/2
  1665 | D:3      | Noticed shakethe's ghost (amateur TrFi)
  1674 | D:3      | Mangled by shakethe's ghost

Skill      XL: |  1  2 |
---------------+-------+-----
Maces & Flails | 2 3 |  3.8
Fighting       | |  2.4
Dodging        | |  2.4
Shields        | |  2.4

Action                   || total
-------------------------++-------
Melee: Flail             ||   211
  Eat: Chunk             ||    14
Armor: Robe              ||   101
Dodge: Dodged            ||   103
Block: Shield            ||   121
